[Event "Team 45 45 League T77"]
[Site "Internet Chess Club"]
[Date "2018.06.24"]
[Round "1"]
[White "Portola"]
[Black "learnedberry1"]
[Result "0-1"]
[WhiteElo "1689"]
[BlackElo "1507"]
[Opening "Queen's pawn game"]
[ECO "A45"]
[Time "12:00:37"]
[TimeControl "2700+45"]

1. d4 Nf6 2. c3 g6 3. Nf3 Bg7 4. Bg5 O-O 5. Nbd2 d5 6. e3 a5 7. a4 Na6 8. Bd3 c5
9. O-O c4 10. Bc2 Qb6 11. Rb1 Qd6 12. Bf4 Qd7 13. Ne5 Qd8 14. h3 Nd7 15. Ng4 Nf6
16. Ne5 Nd7 17. Nef3 Nf6 18. Qe2 e6 19. e4 Re8 20. e5 Nd7 21. Rfe1 Nb6 22. Bg5
Qd7 23. Qd1 Nb8 24. Nh2 Nc6 25. Ng4 Qc7 26. Nf3 Nd7 27. Nfh2 Ne7 28. Qf3 Nf5 29.
Bxf5 exf5 30. Nf6+ Bxf6 31. exf6 Re6 32. Rxe6 fxe6 33. Qe2 Kf7 34. Nf3 Nxf6 35.
Ne5+ Kg7 36. Qe3 Ne4 37. Bh6+ Kg8 38. f3 Nf6 39. Qg5 Qe7 40. Qh4 b6 41. Bg5 Kg7
42. g4 Bb7 43. gxf5 exf5 44. Re1 Qd6 45. f4 Rh8 46. Qh6+ Kg8 47. Bxf6 Qxf6 48.
Ng4 Qf8 49. Nf6+ Qxf6 50. Re8+ Kf7 51. Re5 Bc8 52. Kf2 Be6 53. h4 Ke7 54. Ke3
Qf7 55. Kd2 Rg8 56. Qg5+ Qf6 57. Qg3 Kd6 58. Qe1 Rg7 59. Qa1 Qxh4 60. Qa3+ Kd7
61. Qf8 Qxf4+ 62. Kc2 Qf2+ 63. Kb1 Qf1+ 64. Ka2 Re7 65. Qb8 Qd1 66. Qb7+ Ke8 67.
Qb8+ Kf7 68. Qd6 Qxa4+ 69. Kb1 Qd1+ 70. Ka2 f4 71. Rxe6 Rxe6 72. Qxd5 f3 73.
Qd7+ Kf6 74. Qd8+ Kf5 75. Qd5+ Kf4 76. Qxe6 f2 77. Qe5+ Kg4 78. Qe6+ Kg3 79.
Qe5+ Kg2 80. Qg5+ Kf1 81. Qg3 Ke2 82. Qg4+ Ke1 83. Qe4+ Qe2 84. Qb1+ Kd2 {White
resigns} 0-1

[Event "Team 45 45 League T77"]
[Site "Internet Chess Club"]
[Date "2018.06.24"]
[Round "1"]
[White "MartyJR"]
[Black "g8wrb"]
[Result "0-1"]
[WhiteElo "1461"]
[BlackElo "1376"]
[Opening "Queen's pawn"]
[ECO "A40"]
[Time "13:02:48"]
[TimeControl "2700+45"]

1. d4 e6 2. Nf3 d5 3. Bf4 Bb4+ 4. c3 Be7 5. e3 Nf6 6. h3 O-O 7. Bd3 c5 8. O-O
Nc6 9. Nbd2 b6 10. a4 Bd6 11. Bxd6 Qxd6 12. e4 dxe4 13. Nxe4 Nxe4 14. Bxe4 Ba6
15. Re1 Rac8 16. dxc5 Qxc5 17. Qc2 h6 18. Rad1 Qe7 19. Qb1 Nb8 20. Rd2 Bb7 21.
Bxb7 Qxb7 22. Red1 Qc7 23. Nd4 Rfd8 24. Nb5 Qe7 25. Rxd8+ Rxd8 26. Rxd8+ Qxd8
27. Nxa7 Qd2 28. Nb5 Nd7 29. Nd4 e5 30. Nf3 Qe2 31. b4 e4 32. Nd4 Qa6 33. Qd1 g6
34. Nb5 Nf6 35. Qb3 Qb7 36. Qd1 Qc8 37. Qd4 Qc6 38. Qd6 Qxd6 39. Nxd6 Kf8 40.
Nc8 Nd5 41. c4 Nxb4 42. Nxb6 Nc6 43. Kf1 Ke7 44. Ke2 Kd6 45. Ke3 f5 46. f3 exf3
47. gxf3 Kc5 48. Nd7+ Kxc4 49. f4 Kb4 50. Nf8 Kxa4 51. Nxg6 Kb5 52. Ne5 Kc5 53.
Nxc6 Kxc6 54. Kd4 Kd6 55. h4 h5 56. Ke3 Kc5 57. Kd3 Kd5 58. Ke3 Kc4 59. Kf3 Kd3
60. Kf2 Ke4 61. Kg3 Ke3 62. Kg2 Kxf4 63. Kf2 Kg4 64. Kg2 Kxh4 65. Kf3 Kg5 {White
resigns} 0-1

[Event "Team 45 45 League T77"]
[Site "Internet Chess Club"]
[Date "2018.06.22"]
[Round "1"]
[White "upsan"]
[Black "justice02"]
[Result "1-0"]
[WhiteElo "1692"]
[BlackElo "1668"]
[Opening "French: exchange variation"]
[ECO "C01"]
[Time "21:01:07"]
[TimeControl "2700+45"]

1. e4 e6 2. d4 d5 3. exd5 exd5 4. Bd3 Ne7 5. Nf3 Bf5 6. O-O Bxd3 7. Qxd3 Ng6 8.
Qb5+ Qd7 9. Qxb7 Qc6 10. Qc8+ Ke7 11. Re1+ Kd6 12. Bf4+ Nxf4 13. Ne5 Qa6 14.
Nxf7+ Kc6 15. Qf5 Ne2+ 16. Rxe2 Qxe2 17. Nc3 Qc4 18. Nd8+ Kb6 19. Nxd5+ Ka6 20.
Qc8+ Ka5 21. Nb7+ Kb5 22. a4+ Kc6 23. Nd8+ Kxd5 24. Qe6+ Kxd4 25. Rd1+ Kc5 26.
Nb7+ Kb4 27. Qe1+ Kxa4 28. Qa5# {Black checkmated} 1-0

[Event "Team 45 45 League T77"]
[Site "Internet Chess Club"]
[Date "2018.06.24"]
[Round "1"]
[White "zepled37"]
[Black "cityprosecutor"]
[Result "1/2-1/2"]
[WhiteElo "1678"]
[BlackElo "1678"]
[Opening "Pirc: classical, h3 system"]
[ECO "B08"]
[Time "20:15:52"]
[TimeControl "2700+45"]

1. e4 d6 2. d4 Nf6 3. Nc3 g6 4. Nf3 Bg7 5. h3 c6 6. a4 O-O 7. Be2 a5 8. O-O d5
9. e5 Ne8 10. Re1 Na6 11. Bf1 Nac7 12. Be3 f6 13. Qd2 fxe5 14. Nxe5 Nd6 15. Bh6
Ne6 16. Bxg7 Kxg7 17. Ne2 Ne4 18. Qc1 Nxf2 {Game drawn by mutual agreement}
1/2-1/2

[Event "Team 45 45 League T77"]
[Site "Internet Chess Club"]
[Date "2018.06.26"]
[Round "1"]
[White "Constrictor"]
[Black "GoIrish"]
[Result "0-1"]
[WhiteElo "1549"]
[BlackElo "1504"]
[Opening "Nimzovich-Larsen attack: modern variation"]
[ECO "A01"]
[Time "20:03:27"]
[TimeControl "2700+45"]

1. b3 e5 2. Bb2 Nc6 3. e3 Nf6 4. Bb5 d6 5. Ne2 Be7 6. d4 a6 7. Bxc6+ bxc6 8.
dxe5 Nd5 9. e4 Nb6 10. exd6 cxd6 11. Nd2 O-O 12. Ng3 Be6 13. Nh5 g6 14. Nf4 Bf6
15. Nxe6 fxe6 16. Bxf6 Qxf6 17. O-O Ra7 18. Nf3 e5 19. Qe2 a5 20. Rad1 a4 21. b4
a3 22. Qe3 Ra6 23. Qb3+ Kh8 24. b5 cxb5 25. Qxb5 Rfa8 26. Rd2 Na4 27. Qb4 Nc5
28. Rb1 Ra4 29. Qb6 Nxe4 30. Rd3 R4a6 31. Qb7 Nc5 32. Qd5 Nxd3 33. cxd3 Qf5 34.
Rb7 Qc8 35. h4 Qg8 {White resigns} 0-1

[Event "Team 45 45 League T77"]
[Site "Internet Chess Club"]
[Date "2018.06.22"]
[Round "1"]
[White "bmw2002"]
[Black "Hal2001"]
[Result "0-1"]
[WhiteElo "1418"]
[BlackElo "1521"]
[Opening "English opening"]
[ECO "A10"]
[Time "21:10:27"]
[TimeControl "2700+45"]

1. c4 g6 2. g3 Bg7 3. Bg2 c5 4. Nf3 Nc6 5. O-O b6 6. Nc3 Bb7 7. a3 Qc7 8. Rb1
Nf6 9. d3 O-O 10. Nb5 Qc8 11. Bd2 d6 12. b4 Nd7 13. bxc5 dxc5 14. Bc3 f6 15. Bb2
a6 16. Nc3 e6 17. Ne4 Qc7 18. d4 cxd4 19. Nxd4 Nxd4 20. Qxd4 e5 21. Qd6 Qxd6 22.
Nxd6 Bxg2 23. Kxg2 Nc5 24. Ne4 Nxe4 {White resigns} 0-1

[Event "Team 45 45 League T77"]
[Site "Internet Chess Club"]
[Date "2018.06.22"]
[Round "1"]
[White "RD1974"]
[Black "Packerfan"]
[Result "0-1"]
[WhiteElo "1638"]
[BlackElo "1697"]
[Opening "Konstantinopolsky opening"]
[ECO "C44"]
[Time "17:00:41"]
[TimeControl "2700+45"]

1. e4 e5 2. Nf3 Nc6 3. g3 Nf6 4. d3 Bc5 5. Bg2 d6 6. h3 h6 7. Nbd2 Be6 8. c3 Qd7
9. a4 a5 10. Nf1 O-O 11. Be3 Rad8 12. d4 exd4 13. cxd4 Bb4+ 14. N3d2 Bc4 15. Qc2
Ba6 16. f4 Rfe8 17. Kf2 Qe7 18. Bf3 Bxd2 19. Nxd2 Nd5 20. Nc4 Nxe3 21. Kxe3 Nxd4
22. Kxd4 Qf6+ 23. Ke3 d5 24. e5 dxc4 25. Be4 Qb6+ 26. Kf3 Rd4 27. Rhd1 Red8 28.
Rxd4 Qxd4 29. Ra3 Qd2 30. Rc3 c6 31. Kg4 Qxc2 32. Bxc2 Rd2 33. b3 cxb3 34. Bxb3
Be2+ 35. Kf5 Kf8 36. Bc2 Ke7 37. Rc5 Bf3 38. Be4 g6# {White checkmated} 0-1

[Event "Team 45 45 League T77"]
[Site "Internet Chess Club"]
[Date "2018.06.23"]
[Round "1"]
[White "tryanything"]
[Black "fao9944"]
[Result "0-1"]
[WhiteElo "1531"]
[BlackElo "1643"]
[Opening "French: advance, Milner-Barry gambit"]
[ECO "C02"]
[Time "05:02:02"]
[TimeControl "2700+45"]

1. e4 e6 2. d4 d5 3. e5 c5 4. c3 Nc6 5. Nf3 Qb6 6. Bd3 cxd4 7. cxd4 Bd7 8. Bc2
Nb4 9. O-O Nxc2 10. Qxc2 Ne7 11. Nc3 Nf5 12. Be3 Rc8 13. Qd2 Be7 14. Rfc1 O-O
15. a3 h6 16. Ne2 a6 17. b4 Bb5 18. Nf4 Rc4 19. Nd3 Rfc8 20. Nc5 Qa7 21. Rxc4
Bxc4 22. Rc1 b6 23. Nd3 Qd7 24. Nb2 Qb5 25. Qc3 a5 26. bxa5 Qxa5 27. Qxa5 bxa5
28. Rc3 Ba6 29. Rxc8+ Bxc8 30. a4 Nxe3 31. fxe3 Ba3 32. Nd3 Bd7 33. Nc5 Bxc5 34.
dxc5 Bxa4 35. Nd4 Kf8 36. Kf2 Ke7 37. c6 Kd8 38. Ke2 Kc7 39. Kd2 Bxc6 40. Kc3
Ba4 41. g3 Kb6 42. h4 Bd1 43. Kd2 Bg4 44. Kc3 Kc5 45. Nc2 h5 46. Na3 Bf3 47. Nc2
Be4 48. Nd4 a4 49. Kb2 Kc4 50. Ka3 Kd3 51. Kxa4 Kxe3 52. Nc6 d4 {White resigns}
0-1

[Event "Team 45 45 League T77"]
[Site "Internet Chess Club"]
[Date "2018.06.25"]
[Round "1"]
[White "Gojira"]
[Black "Electryon"]
[Result "1-0"]
[WhiteElo "1620"]
[BlackElo "1506"]
[Opening "Caro-Kann: exchange, Rubinstein variation"]
[ECO "D00"]
[Time "19:02:51"]
[TimeControl "2700+45"]

1. d4 d5 2. Bf4 c5 3. e3 cxd4 4. exd4 Nf6 5. c3 Nc6 6. Bd3 Bg4 7. Nf3 Bxf3 8.
Qxf3 Qb6 9. Qe2 e6 10. Bb5 Be7 11. O-O O-O 12. Bd3 Rac8 13. Bc1 Qc7 14. Nd2 a6
15. a4 Bd6 16. Nf3 Rfe8 17. h3 e5 18. Bf5 exd4 19. Qd3 Rb8 20. Nxd4 Nxd4 21.
Qxd4 Bc5 22. Qf4 Bd6 23. Qh4 Re5 24. Bg4 Nxg4 25. Qxg4 Re4 26. Qf5 Re5 27. Qf3
Rbe8 28. Be3 Qc4 29. Bd4 R5e6 30. Qg4 Rg6 31. Qd1 Bc5 32. Bxc5 Qxc5 33. Re1
Rxe1+ 34. Qxe1 Re6 35. Qd2 h6 36. Rd1 Re5 37. Qd4 Qe7 38. b3 Re1+ 39. Rxe1 Qxe1+
40. Kh2 Qe6 41. Kg3 f6 42. f3 Qe5+ 43. Qxe5 fxe5 44. Kg4 g6 45. h4 Kf7 46. Kg3
Kf6 47. Kf2 Kf5 48. g3 g5 49. hxg5 hxg5 50. Ke2 g4 51. Ke3 gxf3 52. Kxf3 e4+ 53.
Ke3 Kg4 54. c4 dxc4 55. bxc4 Kxg3 56. a5 Kg4 57. Kxe4 Kg5 58. Ke5 Kg6 59. Kd6
Kf6 60. Kc7 Ke7 61. Kxb7 Kd7 62. c5 {Black resigns} 1-0

[Event "Team 45 45 League T77"]
[Site "Internet Chess Club"]
[Date "2018.06.24"]
[Round "1"]
[White "kutch"]
[Black "idjit"]
[Result "0-1"]
[WhiteElo "1505"]
[BlackElo "1535"]
[Opening "Bogo-Indian defense, Grünfeld variation"]
[ECO "E11"]
[Time "16:00:46"]
[TimeControl "2700+45"]

1. d4 Nf6 2. c4 e6 3. Nf3 Bb4+ 4. Nbd2 O-O 5. a3 Be7 6. e4 d5 7. e5 Nfd7 8. b4
b6 9. cxd5 exd5 10. Bd3 c5 11. bxc5 bxc5 12. dxc5 Nxc5 13. Bc2 Ba6 14. Nb3 Qb6
15. Be3 Nbd7 16. Rb1 Qc7 17. Nxc5 Nxc5 18. Bxc5 Bxc5 19. Bd3 Qa5+ 20. Qd2 Qxa3
21. Bxa6 Qxa6 22. Qe2 Qe6 23. O-O f6 24. Rb5 Bb6 25. Qa2 fxe5 26. Qxd5 Qxd5 27.
Rxd5 e4 28. Nd4 Rfd8 29. Rxd8+ Rxd8 30. Nf5 Rd2 31. Ne3 Rd4 32. Rd1 a5 33. Kf1
Rxd1+ 34. Nxd1 a4 35. Nc3 a3 36. Ke2 Kf7 37. Kd1 Ke6 38. Kc2 Ke5 39. Kb3 Bxf2
40. Kxa3 Kd4 41. Kb3 Kd3 42. g4 e3 43. Nd5 e2 44. Nf4+ Kd2 {White resigns} 0-1

[Event "Team 45 45 League T77"]
[Site "Internet Chess Club"]
[Date "2018.06.24"]
[Round "1"]
[White "Terte"]
[Black "fledermaus"]
[Result "0-1"]
[WhiteElo "1759"]
[BlackElo "1781"]
[Opening "Sicilian: closed"]
[ECO "B23"]
[Time "09:01:31"]
[TimeControl "2700+45"]

1. e4 c5 2. Nc3 e6 3. g3 Nc6 4. Bg2 g6 5. d3 Bg7 6. Be3 d6 7. Nge2 Nd4 8. O-O
Ne7 9. Qd2 O-O 10. Bh6 Bxh6 11. Qxh6 Nxc2 12. Rad1 Nd4 13. f4 Nxe2+ 14. Nxe2 Qb6
15. Rd2 f5 16. Qg5 Rf7 17. g4 Bd7 18. gxf5 exf5 19. Ng3 Bc6 20. h4 Qb4 21. Rff2
Qd4 22. h5 Qf6 23. hxg6 hxg6 24. exf5 Qxg5 25. fxg5 Bxg2 26. Kxg2 Nxf5 27. Nxf5
Rxf5 28. Rxf5 gxf5 29. Kg3 Re8 30. d4 Kf7 31. dxc5 dxc5 32. Rd7+ Re7 33. Rd5 Kg6
34. Rxc5 Kxg5 35. Kf3 Rh7 36. Rb5 b6 37. a4 Rh3+ 38. Kg2 Rh6 39. a5 Kg4 40. b4
Rc6 41. axb6 Rxb6 42. Ra5 a6 43. Ra4 f4 44. Kf2 Rc6 45. Ke1 Kg3 46. Ra5 Kf3 47.
b5 axb5 48. Rxb5 Rc1+ 49. Kd2 Ra1 50. Rb8 Kf2 51. Rg8 Ra7 52. Rf8 Rd7+ 53. Kc2
f3 54. Rf6 Ke2 55. Re6+ Kf1 56. Rf6 f2 57. Rg6 Rd5 58. Rg8 Ke2 59. Re8+ Kf3 60.
Rf8+ Ke3 61. Kc1 Rd4 62. Rf7 Rf4 63. Re7+ Kf3 {White resigns} 0-1

[Event "Team 45 45 League T77"]
[Site "Internet Chess Club"]
[Date "2018.06.24"]
[Round "1"]
[White "jonesey"]
[Black "leandromorg"]
[Result "1-0"]
[WhiteElo "1847"]
[BlackElo "1770"]
[Opening "Pirc: classical (two knights) system"]
[ECO "B06"]
[Time "19:02:35"]
[TimeControl "2700+45"]

1. e4 g6 2. Nf3 Bg7 3. d4 d6 4. Nc3 Nf6 5. Be3 c6 6. Qd2 b5 7. Bd3 Ng4 8. Bg5 h6
9. Bh4 Qb6 10. h3 Nf6 11. O-O g5 12. Bg3 Nh5 13. Bh2 g4 14. hxg4 Bxg4 15. Be2
Nd7 16. Nh4 Nhf6 17. e5 Bxe2 18. Qxe2 dxe5 19. dxe5 Nd5 20. e6 fxe6 21. Qh5+ Kd8
22. Qf7 Bxc3 23. bxc3 Rf8 24. Qxe6 Rf6 25. Qg8+ Rf8 26. Qg7 c5 27. Rad1 Qf6 28.
Qg4 e6 29. Bg3 N7b6 30. Rfe1 Kd7 31. Nf3 Rae8 32. Ne5+ Kc8 33. c4 Rg8 34. Qe4
bxc4 35. Nxc4 Nxc4 36. Qxc4 Kb7 37. Rxd5 exd5 38. Qxd5+ Ka6 39. Rb1 Qb6 40.
Rxb6+ axb6 41. Bc7 Rg5 42. Qc6 Re1+ 43. Kh2 Rh5+ 44. Kg3 Rg5+ 45. Kf4 Rb1 46. c3
Rb2 47. a4 Rxf2+ 48. Ke3 Rb2 49. Qa8# {Black checkmated} 1-0

[Event "Team 45 45 League T77"]
[Site "Internet Chess Club"]
[Date "2018.06.23"]
[Round "1"]
[White "MarcB"]
[Black "LookImYourVader"]
[Result "0-1"]
[WhiteElo "1678"]
[BlackElo "1814"]
[Opening "Réti: King's Indian attack (Barcza system)"]
[ECO "A07"]
[Time "14:30:39"]
[TimeControl "2700+45"]

1. Nf3 d5 2. g3 Nf6 3. Bg2 Bg4 4. O-O Nbd7 5. d3 c6 6. Nbd2 e5 7. c3 Bd6 8. Re1
O-O 9. h3 Be6 10. e4 a5 11. Ng5 Qb6 12. Nxe6 fxe6 13. Qb3 Bc5 14. Rf1 a4 15. Qc2
Nh5 16. Kh2 Bxf2 17. g4 Ng3 18. Rd1 Ne2 19. Nf3 Bg3+ 20. Kh1 Nf4 21. d4 Nxh3 22.
Be3 Nf4 23. Qd2 Nxg2 24. Kxg2 Bf4 25. Bxf4 exf4 26. e5 c5 27. Rab1 cxd4 28. cxd4
Rac8 29. Qd3 Qa6 30. Qd2 Qc4 31. Rbc1 Qxa2 32. Rxc8 Rxc8 33. Qxf4 Qxb2+ 34. Rd2
Rc2 35. Rxc2 Qxc2+ 36. Kg3 h6 37. Qe3 b5 38. Qa3 Qb3 39. Qe7 Nf8 40. Kf4 Qd3 41.
Qb4 Qc4 42. Qa5 Ng6+ 43. Kg3 Qb3 44. g5 Nh4 45. Qd8+ Kh7 46. Kxh4 Qxf3 47. gxh6
Qf4+ 48. Kh3 Qxh6+ 49. Kg3 Qe3+ 50. Kg2 Qe2+ 51. Kg3 Kh6 52. Qb6 Qe3+ 53. Kg2
Qe4+ 54. Kg3 a3 55. Qxe6+ Qg6+ {White resigns} 0-1

[Event "Team 45 45 League T77"]
[Site "Internet Chess Club"]
[Date "2018.06.24"]
[Round "1"]
[White "ChessRooklift"]
[Black "nealbruce"]
[Result "1/2-1/2"]
[WhiteElo "1658"]
[BlackElo "1687"]
[Opening "Scotch gambit: Dubois-Réti defense"]
[ECO "C55"]
[Time "13:00:38"]
[TimeControl "2700+45"]

1. e4 e5 2. Nf3 Nc6 3. d4 exd4 4. Bc4 Nf6 5. e5 d5 6. Bb5 Ne4 7. Nxd4 Bd7 8.
Bxc6 bxc6 9. O-O Bc5 10. f3 Ng5 11. Be3 O-O 12. f4 Ne4 13. Nd2 Bxd4 14. Bxd4 c5
15. Nxe4 cxd4 16. Nc5 Bf5 17. Qxd4 Rb8 18. Rf2 a5 19. c3 c6 20. Re1 Qe7 21. b3
Rb5 22. Nd3 Rd8 23. Rd2 c5 24. Qe3 d4 25. cxd4 Rxd4 26. Nb2 Qd7 27. Red1 Rxd2
28. Rxd2 Qe7 29. Nc4 Rb8 30. Nxa5 Qc7 31. Nc4 h6 32. h3 Rd8 33. Rxd8+ Qxd8 34.
Qd2 Qh4 35. Qf2 Qd8 36. Qd2 Qh4 37. a4 Qg3 38. Qe3 Qg6 39. a5 Be4 40. Qf2 Bd5
41. Qa2 Qd3 42. a6 Qd4+ 43. Kh1 Qxf4 44. a7 Qf1+ 45. Kh2 Qf4+ 46. Kg1 Qc1+ 47.
Kh2 Qf4+ 48. Kg1 Qc1+ 49. Kf2 Qf4+ 50. Kg1 Qc1+ 51. Kh2 Qf4+ 52. Kg1 Qc1+ 53.
Kf2 Qf4+ 54. Kg1 Qc1+ {Game drawn by repetition} 1/2-1/2

[Event "Team 45 45 League T77"]
[Site "Internet Chess Club"]
[Date "2018.06.29"]
[Round "1"]
[White "disinformator"]
[Black "primerpaso"]
[Result "1-0"]
[WhiteElo "1772"]
[BlackElo "1814"]
[Opening "English: Mikenas-Carls, Kevitz variation"]
[ECO "A18"]
[Time "16:10:50"]
[TimeControl "2700+45"]

1. c4 Nf6 2. Nc3 e6 3. e4 Nc6 4. d4 Bb4 5. f3 O-O 6. Bg5 Ne7 7. Qd2 c5 8. a3 Qa5
9. d5 exd5 10. cxd5 d6 11. Bd3 Re8 12. Nge2 Bxc3 13. bxc3 Nd7 14. O-O Ng6 15. f4
c4 16. Bc2 Nc5 17. f5 Nf8 18. f6 Nxe4 19. Bxe4 Rxe4 20. fxg7 Ng6 21. Ng3 Re5 22.
Rae1 Qc5+ 23. Kh1 f5 24. Bf6 Rxe1 25. Rxe1 Bd7 26. h4 f4 27. Ne4 Qc7 28. h5 Ne5
29. Bxe5 dxe5 30. d6 Qd8 31. Qd5+ Kxg7 32. Qxe5+ Kh6 33. Qxf4+ Kxh5 34. Nf6+ Kg6
35. Re7 Bf5 36. Nxh7 {Black resigns} 1-0

[Event "Team 45 45 League T77"]
[Site "Internet Chess Club"]
[Date "2018.06.23"]
[Round "1"]
[White "walkover"]
[Black "Portola"]
[Result "1-0"]
[WhiteElo "1734"]
[BlackElo "1714"]
[Opening "Catalan: closed, main line"]
[ECO "E09"]
[Time "10:01:28"]
[TimeControl "2700+45"]

1. d4 d5 2. c4 e6 3. Nf3 Nf6 4. g3 Be7 5. Bg2 O-O 6. O-O Nbd7 7. Qc2 c6 8. Nbd2
h6 9. e4 dxe4 10. Nxe4 Nxe4 11. Qxe4 Nf6 12. Qc2 Qb6 13. b3 Bd7 14. Bb2 Rad8 15.
Rfe1 Rfe8 16. Ne5 Bc8 17. Rad1 Bf8 18. a3 Qc7 19. b4 a6 20. Qb3 Nd7 21. Ng4 Nb6
22. Bc1 Nd7 23. c5 b5 24. Bf4 Qb7 25. Qf3 f5 26. Ne5 Nxe5 27. Bxe5 Bd7 28. Qb3
Re7 29. Bh3 Rf7 30. f4 Be7 31. g4 Bh4 32. Rf1 Qc8 33. Kh1 Kh8 34. gxf5 Rxf5 35.
Bxf5 exf5 36. Qf7 Bf6 37. Bxf6 gxf6 38. Qxf6+ Kh7 39. Qf7+ Kh8 40. Rg1 Rg8 41.
Qf6+ Kh7 42. Qf7+ Kh8 43. Rxg8+ Qxg8 44. Qxd7 Qb3 45. Qe8+ Kh7 46. Qe2 Qxa3 47.
Rg1 {Black resigns} 1-0

[Event "Team 45 45 League T77"]
[Site "Internet Chess Club"]
[Date "2018.06.23"]
[Round "1"]
[White "kabindra"]
[Black "misuc56"]
[Result "1-0"]
[WhiteElo "1735"]
[BlackElo "1457"]
[Opening "Sicilian: closed, 2...Nc6"]
[ECO "B23"]
[Time "11:00:24"]
[TimeControl "2700+45"]

1. e4 c5 2. Nc3 Nc6 3. Bb5 d6 4. Bxc6+ bxc6 5. d3 g6 6. f4 Bg7 7. Nf3 Bd7 8. O-O
Rb8 9. Qe1 Bg4 10. Rb1 Bxf3 11. Rxf3 Qa5 12. Bd2 Qc7 13. f5 Nf6 14. Qh4 h5 15.
fxg6 fxg6 16. h3 O-O 17. Rg3 Kf7 18. Qg5 Kg8 19. Qxg6 Rf7 20. Bh6 e5 21. Rf1 Kh8
22. Bxg7+ Rxg7 23. Qh6+ Kg8 24. Rxg7+ Qxg7 25. Qxf6 Qxf6 26. Rxf6 Rxb2 27. Rf2
Kg7 28. a4 a5 29. Kf1 Rb8 30. Ke2 Rd8 31. Rf5 Kg6 32. Nd1 Rb8 33. Kd2 Rb4 34.
Nc3 Rb8 35. h4 Rd8 36. Rg5+ Kh6 37. Ne2 Rb8 38. Ng3 Rb4 39. Nf5+ Kh7 40. Rxh5+
Kg6 41. Rg5+ Kf7 42. Nxd6+ Ke7 43. Nc4 Rxa4 44. Rxe5+ Kf6 45. Rxc5 Ra1 46. Rxc6+
Kg7 47. Ra6 a4 48. e5 Rg1 49. Rxa4 Rxg2+ 50. Kc3 Rh2 51. Nd6 Kf8 52. Ra8+ Ke7
53. Rh8 Ke6 54. d4 Kd5 55. Nb5 Kc6 56. Nd6 Kd5 57. Rd8 Ke6 58. h5 Rxh5 59. Kc4
Rh2 60. c3 Rh1 61. Kc5 Ke7 62. Re8+ Kd7 63. e6+ Kc7 64. d5 Rh7 65. c4 Rh5 66.
Rc8# {Black checkmated} 1-0

[Event "Team 45 45 League T77"]
[Site "Internet Chess Club"]
[Date "2018.06.26"]
[Round "1"]
[White "rubo"]
[Black "fao9944"]
[Result "0-1"]
[WhiteElo "1588"]
[BlackElo "1657"]
[Opening "French: advance, Milner-Barry gambit"]
[ECO "C02"]
[Time "14:00:26"]
[TimeControl "2700+45"]

1. e4 e6 2. d4 d5 3. e5 c5 4. c3 Nc6 5. Nf3 Qb6 6. Bd3 cxd4 7. cxd4 Bd7 8. O-O
Nxd4 9. Nxd4 Qxd4 10. Nc3 a6 11. Qe2 Ne7 12. Rd1 Qh4 13. g3 Qh3 14. f4 Nf5 15.
Bxf5 Qxf5 16. Be3 Bb4 17. Bd4 O-O 18. Rac1 Rac8 19. a3 Be7 20. Qd2 h6 21. h4 Qg4
22. Qe2 Qxg3+ 23. Qg2 Qxf4 24. Qf2 Qxh4 25. Rf1 Rc4 26. Qxh4 Bxh4 27. Rcd1 b5
28. b4 Rfc8 29. Rf3 f6 30. Ne2 fxe5 31. Bxe5 Re4 32. Bg3 Bxg3 33. Nxg3 Rg4 34.
Rd2 Be8 35. Kf2 Bg6 36. Re2 Rc2 37. Rxc2 Bxc2 38. Rc3 Rc4 39. Re3 Kf7 40. Rf3+
Ke7 41. Nh5 Bd1 42. Rh3 Bxh5 43. Rxh5 Rc3 44. Rh1 Rxa3 45. Rg1 Kf6 46. Rc1 Ra4
47. Rc6 a5 48. bxa5 Rxa5 49. Rb6 g5 50. Ke3 Ke5 51. Rb8 h5 52. Rh8 h4 53. Rg8
Kf6 54. Rf8+ Kg7 55. Rb8 g4 56. Rb7+ Kf6 57. Rb8 h3 58. Kf4 Ra4+ 59. Kg3 Ra1 60.
Kxg4 h2 61. Kg3 h1=Q 62. Rf8+ Ke5 63. Rf2 Rg1+ {White resigns} 0-1

[Event "Team 45 45 League T77"]
[Site "Internet Chess Club"]
[Date "2018.06.22"]
[Round "1"]
[White "noblitz-oblige"]
[Black "nosir"]
[Result "1-0"]
[WhiteElo "1546"]
[BlackElo "1415"]
[Opening "Pirc: classical, h3 system"]
[ECO "B08"]
[Time "11:01:12"]
[TimeControl "2700+45"]

1. e4 d6 2. d4 g6 3. Nf3 Nf6 4. Nc3 Bg7 5. h3 c6 6. Bc4 O-O 7. O-O Nbd7 8. Be3
b5 9. Bd3 Bb7 10. Qd2 e5 11. dxe5 Nxe5 12. Nxe5 dxe5 13. Bh6 b4 14. Bxg7 Kxg7
15. Ne2 c5 16. Qe3 Qc7 17. c3 c4 18. Bc2 a5 19. Ng3 Rfd8 20. Qg5 h6 21. Nf5+ Kf8
22. Qxh6+ Ke8 23. Qh8+ Kd7 24. Rad1+ Kc8 25. Rxd8+ Qxd8 26. Ne7+ Kc7 27. Qxf6
Kb8 28. Nc6+ {Black resigns} 1-0

[Event "Team 45 45 League T77"]
[Site "Internet Chess Club"]
[Date "2018.06.23"]
[Round "1"]
[White "g8wrb"]
[Black "chesskix"]
[Result "1-0"]
[WhiteElo "1354"]
[BlackElo "1361"]
[Opening "Robatsch defense"]
[ECO "B06"]
[Time "10:06:59"]
[TimeControl "2700+45"]

1. e4 g6 2. Nc3 Bg7 3. d4 e6 4. Nf3 Ne7 5. Bb5 c6 6. Ba4 O-O 7. Bg5 d5 8. e5 Nd7
9. O-O Nb6 10. Bb3 Bd7 11. Qd2 Re8 12. Qf4 Rf8 13. Bf6 Bxf6 14. Qxf6 Nf5 15.
Rad1 Nc4 16. Bxc4 dxc4 17. Rfe1 b5 18. Ne4 Qb6 19. h4 Ng7 20. g4 Rad8 21. Kg2 a5
22. Rh1 h5 23. gxh5 Nxh5 24. Qg5 Kg7 25. Nf6 Nxf6 26. exf6+ Kh7 27. h5 Rh8 28.
Ne5 Kg8 29. Nxg6 Rh7 30. Ne7+ {Black resigns} 1-0

[Event "Team 45 45 League T77"]
[Site "Internet Chess Club"]
[Date "2018.06.24"]
[Round "1"]
[White "MathBandit"]
[Black "fireball"]
[Result "1/2-1/2"]
[WhiteElo "1535"]
[BlackElo "1577"]
[Opening "French: exchange variation"]
[ECO "C01"]
[Time "10:03:46"]
[TimeControl "2700+45"]

1. e4 e6 2. d4 d5 3. exd5 exd5 4. c4 Nf6 5. Nc3 Bb4 6. Nf3 O-O 7. Be2 Re8 8. O-O
dxc4 9. Bxc4 Bg4 10. Bg5 Bxf3 11. Qxf3 Nc6 12. Bxf6 Qxf6 13. Qxf6 gxf6 14. Bb5
Red8 15. Bxc6 bxc6 16. Rfd1 Rd7 17. Rd3 Rad8 18. Rad1 Ba5 19. Ne4 Kg7 20. Nc5
Rd5 21. Kf1 Bb6 22. Ke2 Re8+ 23. Kd2 Bxc5 24. dxc5 Rxc5 25. Rc1 Rxc1 26. Kxc1
Re2 27. Rd2 Re7 28. Kc2 f5 29. Kb3 Kf6 30. Kb4 Re5 31. f4 Re4+ 32. Kc5 Rxf4 33.
Kxc6 Rc4+ 34. Kb7 c5 35. Kxa7 Rd4 36. Rc2 Ra4+ 37. Kb6 Rxa2 38. Kxc5 Ra8 39. Kc4
Rc8+ 40. Kd3 Rb8 41. Rc6+ Kg5 42. Kc3 h5 43. b4 h4 44. Rc5 Kg4 45. Rc4+ f4 46.
Rc7 f3 47. gxf3+ Kxf3 48. Rxf7+ Kg2 49. Rf4 h3 50. Rd4 Kxh2 51. Rd2+ Kg3 52.
Rd3+ Kh4 53. Rd4+ Kg3 54. Rd3+ Kg2 55. Rd2+ Kg3 56. Rd3+ {Game drawn by
repetition} 1/2-1/2

[Event "Team 45 45 League T77"]
[Site "Internet Chess Club"]
[Date "2018.06.29"]
[Round "1"]
[White "Skeptic1972"]
[Black "Chess4Him"]
[Result "1-0"]
[WhiteElo "1540"]
[BlackElo "1512"]
[Opening "Robatsch (modern) defense"]
[ECO "B06"]
[Time "14:20:25"]
[TimeControl "2700+45"]

1. e4 g6 2. d4 Bg7 3. Nc3 d6 4. Be3 a6 5. f3 b5 6. Qd2 h6 7. Bd3 e6 8. O-O-O Bb7
9. h4 Ne7 10. h5 g5 11. f4 gxf4 12. Bxf4 Nd7 13. Nf3 Nf6 14. Rdg1 Rb8 15. g4 b4
16. Ne2 Nxe4 17. Bxe4 Bxe4 18. Rf1 Nd5 19. Ng3 Bxf3 20. Rxf3 Qf6 21. Rd1 Nxf4
22. Rxf4 Qh4 23. Qf2 O-O 24. Rf1 f6 25. Rh1 Qg5 26. Ne4 Qd5 27. Rf1 f5 28. gxf5
exf5 29. Ng3 Rb5 30. Nxf5 Rxf5 31. Rxf5 Qxd4 32. Qxd4 Bxd4 33. Rf8+ Kh7 34.
R8f7+ Bg7 35. Rg1 Rg5 36. Rxg5 hxg5 37. Rxc7 Kh6 38. Rc4 a5 39. b3 Kxh5 40. Kd1
Be5 41. Ke2 g4 42. Kf1 Kh4 43. Kg2 Kg5 44. Rc6 Kf4 45. Ra6 g3 46. Rxa5 Ke3 47.
Rd5 Ke2 48. Rd3 Bf4 49. Rd4 Be5 50. Rxb4 Kd2 51. c4 Kc3 52. Rb7 Kd3 53. a4 Kd4
54. a5 d5 55. cxd5 Kxd5 56. a6 Kc6 57. b4 {Black resigns} 1-0